 Dungeon Crawl Stone Soup version 0.30-a0-4-ga7cffc901d (webtiles) character file.

Game seed: 6274693234289256299

46 Sobieck the Ruffian (level 3, -2/30 HPs)
             Began as a Ghoul Gladiator on Aug 21, 2022.
             Slain by a gnoll
             ... wielding a +0 flail
              (12 damage)
             ... on level 2 of the Dungeon.
             The game lasted 00:02:54 (994 turns).

Sobieck the Ruffian (Ghoul Gladiator)                Turns: 994, Time: 00:02:55

Health: -2/30      AC:  4    Str: 19    XL:     3   Next: 66%
Magic:  2/2        EV: 12    Int:  3    God:
Gold:   8          SH:  0    Dex: 10    Spells: 2/2 levels left

rFire   . . .      SeeInvis .      - Unarmed
rCold   + . .      Faith    .    (no shield)
rNeg    + + +      Spirit   .    a - +0 leather armour
rPois   ∞          Reflect  .    b - +0 helmet
rElec   .          Harm     .    (no cloak)
rCorr   .          Rampage  .    (no gloves)
Will    .....                    (no boots)
Stlth   +.........               (no amulet)
HPRegen 0.00/turn                (no ring)
MPRegen 0.08/turn                (no ring)

@: inhibited regen
A: claws 1, cold resistance 1, negative energy resistance 3, inhibited
regeneration, torment resistance 2, devour on kill
a: no special abilities


You were on level 2 of the Dungeon.
You visited 1 branch of the dungeon, and saw 2 of its levels.

You collected 78 gold pieces.
You spent 70 gold pieces at shops.


Innate Abilities, Weirdness & Mutations

You are immune to poison.
You have sharp fingernails.
Your flesh is cold resistant. (rC+)
You are immune to negative energy. (rN+++)
You do not regenerate when monsters are visible.
You are immune to unholy pain and torment.
You thrive by killing the living.


   Skills:
 + Level 2.7 Fighting
 - Level 1.7 Throwing
 + Level 1.0 Armour
 - Level 2.6 Dodging
 + Level 1.4 Stealth
 * Level 4.1 Unarmed Combat


You had 2 spell levels left.
You didn't know any spells.
Your spell library was empty.

Inventory:

Missiles
 c - 3 throwing nets (quivered) {=f!fthrowing}
 d - 4 javelins {throwing}
 g - 11 stones {throwing}
Armour
 a - a +0 leather armour (worn)
 b - a +0 helmet (worn)
 l - a +0 leather armour
   (You found it on level 1 of the Dungeon)
Magical Staves
 m - a staff of death {!astaff}
   (You found it on level 1 of the Dungeon)
Jewellery
 n - a ring of protection from cold
   (You found it on level 1 of the Dungeon)
Scrolls
 e - a scroll of magic mapping {unknown}
 f - 2 scrolls of brand weapon {unknown}
 i - a scroll of amnesia {unknown}
 j - 2 scrolls of enchant armour {unknown}
 o - a scroll of vulnerability {unknown}
 p - a scroll of teleportation {unknown}
Potions
 h - a potion of degeneration {unknown}
 k - 3 potions of heal wounds {@q2}

Dungeon Overview and Level Annotations

Branches:
Dungeon (2/15) Zot: 11007

Altars:

Shops:
D:1

((!:*
#####g###.###
#.....# ..
####'##### #
#)......#
#.)~.~~.#
###.~.~.~.#
#K'g†~.~..+
#g#.~.~.~.#
#@#.~~.~~.#
#.#.......#
#.####+########
#..##.........#
##....####.##.#
####.# #...#.#
#.# #.#.#.#
#.###...#.#
#.........#


You could see a gnoll and a kobold.


Message History

You claw the endoplasm!
You kill the endoplasm!
You feel better.
No target in view!
No target in view!
Found a stone staircase leading down.
Unknown command.
A dart slug comes into view.
Danger!
You scratch the dart slug but do no damage.
You scratch the dart slug but do no damage.
The dart slug bites you but does no damage.
You scratch the dart slug. The dart slug barely misses you.
You completely miss the dart slug. You scratch the dart slug.
The dart slug launches a dart at you. The slug dart misses you.
You claw the dart slug!
You kill the dart slug!
No target in view!
No target in view!
p - a scroll labelled LATIAPL DOCUIF
Found an escape hatch in the floor.
You open the door.
A ball python comes into view.
The ball python hisses angrily.
A hobgoblin comes into view.
Danger!
There is an open door here.
The ball python bites you. The ball python grabs you.
The ball python constricts you. The ball python bites you.
The ball python constricts you.
You scratch the ball python.
The ball python bites you but does no damage.
The ball python constricts you.
You scratch the ball python. The ball python closely misses you.
The ball python constricts you.
You closely miss the ball python. The ball python closely misses you.
The ball python constricts you.
You completely miss the ball python.
The ball python bites you but does no damage.
The ball python constricts you.
You barely miss the ball python. The ball python barely misses you.
The ball python constricts you. The hobgoblin hits you.
You are too injured to fight recklessly!
You are too injured to fight recklessly!
You are too injured to fight recklessly!
You are too injured to fight recklessly!
You scratch the hobgoblin but do no damage.
The ball python bites you but does no damage.
The ball python constricts you.
The hobgoblin splashes around in the water.
You barely miss the hobgoblin.
The ball python bites you but does no damage.
The ball python constricts you. The hobgoblin hits you.
The ball python closely misses you. The ball python constricts you.
You claw the ball python!
You kill the ball python!
You feel better. The hobgoblin closely misses you.
Your Unarmed Combat skill increases to level 4!
You claw the hobgoblin!
You kill the hobgoblin!
You enter the shallow water.
Moving in this stuff is going to be slow.
You see here a ball python corpse.
You open the door.
There is an open door here.
A gnoll comes into view. It is wielding a +0 spear.
Danger!
Unknown command.
Unknown command.
A gnoll and a kobold come into view.
The gnoll shouts!
The kobold shouts!
The gnoll shouts!
You hear a shout!
A gnoll comes into view. It is wielding a +0 flail.
The kobold throws a stone.
The stone barely misses you.
There is an open door here.
You see here a ball python corpse.
You claw the gnoll! The gnoll closely misses you.
You scratch the gnoll but do no damage. The gnoll barely misses you.
You closely miss the gnoll.
The gnoll splashes around in the water.
You closely miss the gnoll. The gnoll hits you but does no damage.
You scratch the gnoll.
You kill the gnoll!
You hear a splash.
The gnoll barely misses you. The gnoll closely misses you.
Your Armour skill increases to level 1!
The gnoll attacks as you move away! The gnoll hits you with a +0 flail.
There is an open door here.
The gnoll attacks as you move away! The gnoll hits you with a +0 flail!
The gnoll hits you with a +0 flail!
* * * LOW HITPOINT WARNING * * *
The gnoll attacks as you move away! The gnoll barely misses you.
Unknown command.
You closely miss the gnoll. The gnoll misses you.
You scratch the gnoll. The gnoll hits you with a +0 flail.
* * * LOW HITPOINT WARNING * * *
You scratch the gnoll. The gnoll hits you with a +0 flail!
You die...

Skill      XL: |  1  2  3 |
---------------+----------+-----
Stealth        | 1 |  1.4
Unarmed Combat | 4 |  4.1
Armour         | 1 |  1.0
Fighting       | |  2.7
Throwing       | |  1.7
Dodging        | |  2.6

Action                   || total
-------------------------++-------
Melee: Unarmed           ||    64
       Punch             ||     1
Armor: Leather armour    ||    13
Dodge: Dodged            ||    46

Levels and vault maps discovered:
D:1:      amcnicky_arrival_blooded_trapdoor, layout_rooms, serial_shops,
          nicolae_shop_bloodbath_and_beyond, shop, nicolae_lakefront_shop,
          nicolae_shop_stone, shop, ebering_ecumenical_altar_ruins
D:2:      layout_loops_corners, kennysheep_generic_room_9

Notes
Turn   | Place    | Note
-------+----------+-------------------------------------------
     0 | D:1      | Sobieck the Ghoul Gladiator began the quest for the Orb.
     0 | D:1      | Reached XP level 1. HP: 17/17 MP: 0/0
    30 | D:1      | Found Jaxakhotz's Weapon Shoppe.
    62 | D:1      | Found a faded altar of an unknown god.
    74 | D:1      | Found Remodog's Antique Weapon Boutique.
   162 | D:1      | Reached XP level 2. HP: 11/25 MP: 1/1
   353 | D:1      | Found Dahiwuin's Book Emporium.
   389 | D:1      | Found Qaroc's General Store.
   474 | D:1      | Reached skill level 1 in Stealth
   480 | D:1      | Found Plog's Distillery.
   499 | D:1      | Bought a potion of heal wounds for 70 gold pieces
   734 | D:1      | Reached XP level 3. HP: 25/30 MP: 2/2
   850 | D:2      | Reached skill level 4 in Unarmed Combat
   988 | D:2      | Reached skill level 1 in Armour
   994 | D:2      | Slain by a gnoll

Vanquished Creatures
  A gnoll (D:2)
  An adder (D:1)
  2 dart slugs
  5 ball pythons
  2 bats (D:1)
  3 endoplasms
  2 giant cockroaches (D:1)
  2 hobgoblins
  A kobold (D:1)
  A quokka (D:1)
  A frilled lizard (D:1)
  A rat (D:1)
22 creatures vanquished.

Table legend:
 A = Non-vault XP
 B = Vault XP
 C = Vault XP percentage of total XP
 D = Non-vault monster count
 E = Vault monster count
 F = Vault count percentage of total count
                 A         B        C        D         E       F
            +---------+---------+-------+---------+---------+-------
      Total |      64 |       2 |   3.0 |      21 |       1 |   4.5
            +---------+---------+-------+---------+---------+-------
        D:1 |      42 |       0 |   0.0 |      17 |       0 |   0.0
        D:2 |      22 |       2 |   8.3 |       4 |       1 |  20.0
            +---------+---------+-------+---------+---------+-------

Illustrated notes

Table legend:
 A = Kills in this place as a percentage of kills in entire the game.
 B = Kills by you in this place as a percentage of kills by you in the entire game.
 C = Kills by friends in this place as a percentage of kills by friends in the entire game.
 D = Other kills in this place as a percentage of other kills in the entire game.
 E = Experience gained in this place as a percentage of experience gained in the entire game.
 F = Experience gained in this place divided by the number of levels of this place that you have seen.
                   A       B       C       D       E      F
               +-------+-------+-------+-------+-------+----------------------
         Total | 100.0 | 100.0 |   N/A |   N/A | 100.0 |  33.0
       Dungeon | 100.0 | 100.0 |   N/A |   N/A | 100.0 |  33.0
               +-------+-------+-------+-------+-------+----------------------

Table legend: (Time is in decaauts)
 A = Elapsed time spent in this place.
 B = Non-inter-level travel time spent in this place.
 C = Inter-level travel time spent in this place.
 D = Time resting spent in this place.
 E = Time spent auto-exploring this place.
 F = Levels seen in this place.
 G = Mean time per level.
                   A        B        C        D        E       F      G
               +--------+--------+--------+--------+--------+-----+--------+
         Total |    991 |    922 |     69 |    166 |    606 |   2 |  495.5 |
       Dungeon |    991 |    922 |     69 |    166 |    606 |   2 |  495.5 |
               +--------+--------+--------+--------+--------+-----+--------+

Top non-repeatable levels by time:
     D:1: 728 daAuts
     D:2: 263 daAuts
